 Dungeon Crawl Stone Soup version 0.17-a0-1763-g847a857 (webtiles) character file.

679 Izanagi the Covered (level 7, -6/44 HPs)
             Began as a Gargoyle Fighter on Sept 4, 2015.
             Was an Elder of the Shining One.
             Mangled by an ogre
             ... wielding a +0 giant club
              (14 damage)
             ... on level 5 of the Dungeon.
             The game lasted 00:22:01 (4646 turns).

Izanagi the Covered (Gargoyle Fighter)              Turns: 4646, Time: 00:22:02

Health: -6/44      AC: 13    Str: 21    XL:     7   Next: 60%
Magic:  7/7        EV:  7    Int:  9    God:    the Shining One [****..]
Gold:   208        SH: 11    Dex:  9    Spells: 0 memorised, 6 levels left

rFire  x . .     SeeInvis .     a - +3 flail
rCold  + . .     Clarity  .     b - +0 scale mail
rNeg   + + +     SustAt   .     m - +1 shield "Fustuo" {rElec}
rPois  ∞         Gourm    .     (no helmet)
rElec  +         Spirit   .     (no cloak)
rCorr  +         Warding  .     (no gloves)
rMut   .         Stasis   .     t - +0 pair of boots (curse)
MR     .....                    k - amulet of resist corrosion
Stlth  ..........               r - ring of flight
                                h - ring of ice

@: glowing, not resistant to hostile enchantments, extremely unstealthy
A: negative energy resistance 1, electricity resistance, unbreathing,
petrification resistance, rot immunity, AC +4
a: Divine Shield, Cleansing Flame, Renounce Religion, Evoke Flight


You were on level 5 of the Dungeon.
You worshipped the Shining One.
The Shining One was greatly pleased with you.
You were not hungry.

You visited 1 branch of the dungeon, and saw 5 of its levels.
You also visited: Sewer and Ossuary.

You collected 208 gold pieces.

Inventory:

Hand weapons
 a - a +3 flail (weapon)
Armour
 b - a +0 scale mail (worn)
 i - a +0 shield
 m - the +1 shield "Fustuo" (worn) {rElec}
   (You found it on level 4 of the Dungeon)

   It insulates you from electricity.
 t - a cursed +0 pair of boots (worn)
Jewellery
 h - a ring of ice (left hand)
 k - an amulet of resist corrosion (around neck)
 r - a ring of flight (right hand)
Scrolls
 c - 4 scrolls of recharging
 n - a scroll of immolation
 o - 2 scrolls of amnesia
 v - a scroll of random uselessness {unknown}
 x - a scroll of remove curse
Potions
 d - a potion of might
 l - 2 potions of curing
 p - 5 potions of flight
 q - 3 potions of heal wounds
 s - 2 potions of brilliance
 w - a potion of degeneration {unknown}
 A - a potion of ambrosia {unknown}
 B - a potion of berserk rage {unknown}
Books
 u - a book of Annihilations

   Spells                             Type                      Level
   a - Poison Arrow                   Conjuration/Poison           6
   b - Chain Lightning                Conjuration/Air              8
   c - Lehudib's Crystal Spear        Conjuration/Earth            8
   d - Glaciate                       Conjuration/Ice              9
   e - Fire Storm                     Conjuration/Fire             9
Comestibles
 e - 6 bread rations
 f - a meat ration
 j - 2 beef jerkies


   Skills:
 * Level 5.4 Fighting
 + Level 4.0 Maces & Flails
 * Level 6.1 Armour
 + Level 5.2 Shields


You had 6 spell levels left.
You didn't know any spells.

Dungeon Overview and Level Annotations

Branches:
Dungeon (5/15)             Temple (0/1) D:4

Altars:
Ashenzari
Kikubaaqudgha
Xom
The Shining One


Innate Abilities, Weirdness & Mutations

You are resistant to torment.
Your stone body is resilient (AC +4).
You are immune to poison.
You resist negative energy.
You are resistant to electric shocks.
You can survive without breathing.
You are immune to petrification.
You are immune to rotting.


Message History

You hit the ogre.
The ogre is lightly wounded.
The ogre hits you with a giant club!!
Ouch! That really hurt!
You hit the ogre.
The ogre is lightly wounded.
The ogre closely misses you.
You sock the ogre!
The ogre is heavily wounded.
You hit the ogre.
The ogre is severely wounded.
You block the ogre's attack.
You hit the ogre but do no damage.
The ogre is severely wounded.
The ogre hits you with a giant club!
* * * LOW HITPOINT WARNING * * *
Your shield and scale mail prevent you from hitting the ogre.
The ogre is severely wounded.
The ogre hits you with a giant club!
You die...

#.### .# #.#.. .. #.#.#
.# #.#.# .# #.#.# ###.#
#########.#.###...#
#.......#......[.<####
#.#.............@....#
#.#.###.###.####O.......
#.#.........# #.##...##
#.#.^##.##### #.# .....
........... #.# ..##
#.......##. #.# ##
###..###... #.#
###......##### #.#
#..<.###.#...# ###


You could see an ogre.

Vanquished Creatures
  A centaur (D:5)
  A sky beast (D:5)
  5 wights (D:4)
  Jessica (D:3)
  2 orc priests (D:4)
  A worker ant (D:4)
  A mummy (Ossuary)
  5 adders
  4 worms
  7 giant geckos
  18 orcs
  13 bats
  7 giant cockroaches
  4 gnoll zombies (Ossuary)
  9 goblins
  12 hobgoblins
  6 jackals
  8 kobolds
  2 quokkas
  3 ball pythons
  5 giant newts
  4 gnoll skeletons (Ossuary)
  2 goblin skeletons (Ossuary)
  4 goblin zombies (Ossuary)
  3 hobgoblin skeletons (Ossuary)
  3 hobgoblin zombies (Ossuary)
  4 kobold skeletons (Ossuary)
  4 kobold zombies (Ossuary)
  2 orc skeletons (Ossuary)
  3 orc zombies (Ossuary)
  9 rats
  4 rat skeletons (Ossuary)
157 creatures vanquished.

Vanquished Creatures (others)
  Menkaure (Ossuary)
  2 mummies (Ossuary)
  A gnoll zombie (Ossuary)
  A goblin zombie (Ossuary)
  A hobgoblin skeleton (Ossuary)
  A kobold skeleton (Ossuary)
  3 kobold zombies (Ossuary)
  3 orc skeletons (Ossuary)
  An orc zombie (Ossuary)
  A rat skeleton (Ossuary)
  A rat zombie (Ossuary)
16 creatures vanquished.

Grand Total: 173 creatures vanquished

Notes
Turn   | Place    | Note
--------------------------------------------------------------
     0 | D:1      | Izanagi the Gargoyle Fighter began the quest for the Orb.
     0 | D:1      | Reached XP level 1. HP: 14/14 MP: 1/1
   110 | D:1      | Found a glowing golden altar of the Shining One.
   117 | D:1      | Became a worshipper of the Shining One
   169 | D:1      | Reached XP level 2. HP: 19/19 MP: 2/2
   765 | D:2      | Reached XP level 3. HP: 23/23 MP: 3/3
   943 | D:2      | Found a shimmering altar of Xom.
  1253 | D:1      | Reached skill level 4 in Fighting
  1253 | D:1      | Reached XP level 4. HP: 24/29 MP: 4/4
  1565 | D:3      | Noticed Jessica
  1682 | D:3      | Acquired the Shining One's first power
  1682 | D:3      | Killed Jessica
  1710 | D:3      | Found a faded altar to an unknown god.
  1756 | D:3      | Reached XP level 5. HP: 31/33 MP: 5/5
  2736 | D:4      | Found a shattered altar of Ashenzari.
  2985 | D:4      | Found a glowing drain.
  2989 | Sewer    | Entered a sewer
  3113 | Sewer    | Noticed Psiweapon's ghost (average OgHu)
  3421 | D:4      | Reached XP level 6. HP: 34/39 MP: 6/6
  3465 | D:4      | Reached skill level 5 in Armour
  3468 | D:4      | Reached skill level 5 in Shields
  3497 | D:4      | Acquired the Shining One's second power
  3510 | D:4      | Reached skill level 5 in Fighting
  3555 | D:4      | Reached XP level 7. HP: 27/44 MP: 7/7
  3592 | D:4      | Got a jewelled shield
  3604 | D:4      | Identified the +1 shield "Fustuo" {rElec} (You found it on level 4 of the Dungeon)
  4001 | D:4      | Found a staircase to the Ecumenical Temple.
  4061 | D:5      | Entered Level 5 of the Dungeon
  4081 | D:5      | Found an ancient bone altar of Kikubaaqudgha.
  4192 | D:5      | Reached skill level 6 in Armour
  4283 | D:5      | Found a sand-covered staircase.
  4288 | Ossuary  | Entered an ossuary
  4452 | Ossuary  | Acquired the Shining One's third power
  4465 | Ossuary  | Killed Menkaure
  4646 | D:5      | Mangled by an ogre

Vault maps used:
D:1:      minmay_arrival_cross, tso_altar
D:2:      nicolae_overflow_hidden_temple
D:3:      ecumenical_altar_2, uniq_jessica
D:4:      overflow_temple_1_default, temple_hall, first_bread,
          gup_sewer_entry_spiral
D:5:      nicolae_overflow_crystal_walls, tgw_sif,
          gammafunk_temple_overflow_statue, enter_ossuary_2
Sewer:    sewer_fruit_machine
Ossuary:  ossuary_due_pyramid

Action                   |  1- 3 |  4- 6 |  7- 9 || total
-------------------------+-------+-------+-------++-------
Melee: Flail             |    98 |   309 |    92 ||   499
  Use: Scroll            |     4 |     9 |     3 ||    16
  Eat: Bread ration      |       |     2 |       ||     2
       Royal jelly       |       |     1 |       ||     1
       Meat ration       |       |       |     1 ||     1
